 Dungeon Crawl Stone Soup version 0.29.0-11-gd7f09526c8 (webtiles) character file.

Game seed: 12747065557712669876

669 Powertoast the Trooper (level 7, 0/46 HPs)
             Began as a Gargoyle Fighter on Sept 2, 2022.
             Was a Follower of Okawaru.
             Slain by Duvessa
             ... wielding a +1 short sword of flaming
              (1 damage)
             ... on level 5 of the Dungeon.
             The game lasted 00:18:39 (3663 turns).

Powertoast the Trooper (Gargoyle Fighter)           Turns: 3663, Time: 00:18:40

Health: 0/46       AC: 17    Str: 22    XL:     7   Next: 58%
Magic:  7/7        EV:  7    Int:  8    God:    Okawaru [*.....]
Gold:   198        SH:  4    Dex:  9    Spells: 6/6 levels left

rFire   . . .      SeeInvis .   p - +2 mace (protect)
rCold   . . .      Faith    .   c - +0 buckler
rNeg    + . .      Spirit   .   l - +2 chain mail {Will+}
rPois   ∞          Reflect  .   (no helmet)
rElec   +          Harm     .   (no cloak)
rCorr   .          Rampage  .   (no gloves)
Will    ++...                   e - +0 pair of boots
Stlth   ..........              (no amulet)
HPRegen 0.15/turn               j - ring of willpower
MPRegen 0.10/turn               (no ring)

@: hasted, very quick
A: sickness immunity, AC +4, negative energy resistance 1, electricity
resistance, torment resistance 1, petrification resistance
a: Renounce Religion, Heroism


You were on level 5 of the Dungeon.
You worshipped Okawaru.
Okawaru was aware of your devotion.
You visited 1 branch of the dungeon, and saw 5 of its levels.

You collected 198 gold pieces.

Inventory:

Hand Weapons
 a - a +0 war axe
 p - a +2 mace of protection (weapon)
 r - a +2 antimagic dagger
Armour
 c - a +0 buckler (worn)
 e - a +0 pair of boots (worn)
 l - a +2 chain mail of willpower (worn)
Jewellery
 j - a ring of willpower (left hand)
 o - a ring of see invisible
Scrolls
 b - 2 scrolls of fear {unknown}
 g - a scroll of teleportation {unknown}
 k - a scroll of identify {unknown}
 m - a scroll of magic mapping {unknown}
 u - 2 scrolls of enchant weapon {unknown}
Potions
 d - a potion of haste
 f - a potion of berserk rage {unknown}
 h - a potion of heal wounds {unknown}
 i - a potion of lignification {unknown}
 n - a potion of magic {unknown}
 q - a potion of flight {unknown}
 s - a potion of mutation {unknown}
 t - a potion of invisibility {unknown}


   Skills:
 * Level 6.0 Fighting
 + Level 4.2 Axes
 * Level 5.2 Armour
 + Level 4.8 Shields


You had 6 spell levels left.
You didn't know any spells.
Your spell library contained the following spells:

 Spells                   Type           Power      Damage    Failure   Level
 Beastly Appendage        Tmut           0%         N/A       99%         1
 Wereblood                Tmut           0%         N/A       100%        2
 Spider Form              Tmut/Pois      0%         N/A       100%        3


Dungeon Overview and Level Annotations

Branches:
Dungeon (5/15)
 Temple: D:4-7

Altars:
Ashenzari
Hepliaklqana
Makhleb
Okawaru

Annotations:
D:1 2 transporters
D:5 Duvessa


Innate Abilities, Weirdness & Mutations

You are immune to sickness and miasma.
Your stone body is resilient. (AC +4)
You are immune to poison.
You resist negative energy. (rN+)
You are resistant to electric shocks. (rElec)
You are resistant to unholy torment.
You are immune to petrification.


Message History

The ice beast hits you. The ice beast freezes you.
You closely miss the ice beast.
The ice beast is almost dead.
You block the ice beast's attack.
The ice beast hits you but does no damage.
You closely miss the ice beast.
The ice beast is almost dead.
The ice beast barely misses you.
You sock the ice beast!
Your weapon exudes an aura of protection.
You kill the ice beast!
Okawaru accepts your kill.
Your Fighting skill increases to level 6!
Your Armour skill increases to level 5!
Unknown command.
Duvessa, Sister of Dowan comes into view.
She is wielding a +1 short sword of flaming and wearing a +2 leather armour of poison resistance.
Okay, then.
Okay, then.
You don't know any spells.
Duvessa shouts!
Duvessa goes berserk!
You hear a shout!
Okay, then.
Duvessa rages.
You barely miss Duvessa.
Duvessa hits you with a +1 short sword of flaming!
Duvessa burns you. Duvessa barely misses you.
Okay, then.
You barely miss Duvessa.
Duvessa hits you with a +1 short sword of flaming!
* * * LOW HITPOINT WARNING * * *
Duvessa burns you.
* * * LOW HITPOINT WARNING * * *
Duvessa hits you with a +1 short sword of flaming.
* * * LOW HITPOINT WARNING * * *
Duvessa burns you.
* * * LOW HITPOINT WARNING * * *
It was a potion of haste.
You feel yourself speed up.
Duvessa hits you with a +1 short sword of flaming.
You die...

#.#### #.##.#.# ###
####.######.##>#.# #
#..............#.# #
##.##.#..###.####.######
#........###.####......>
#..##.............######
###..####..#.####.#(#
.......##..#........#
##......@.######.### #......e##
#.# #.......# ##.## #.##.##.#
#...# # #.#...#.# #...# #
########.#...#.# #...# #
##........#...#.# #...# .
#.....##..##.##.######...#####.#
#.....##........#..............#


You could see Duvessa (berserk).

Vanquished Creatures
  An ice beast (D:5)
  A bullfrog (D:4)
  2 scorpions
  Dowan (D:5)
  2 orc priests (D:3)
  Terence (D:3)
  3 iguanas
  An orc wizard (D:4)
  3 gnolls (D:4)
  2 adders
  3 worms
  A dart slug (D:3)
  11 orcs
  6 endoplasms
  A giant cockroach (D:3)
  5 goblins
  9 hobgoblins
  12 jackals
  2 quokkas
  6 ball pythons
  8 bats
  3 frilled lizards
  8 kobolds
  5 rats
97 creatures vanquished.

Vanquished Creatures (others)
  4 plants (D:2)
4 creatures vanquished.

Grand Total: 101 creatures vanquished

Notes
Turn   | Place    | Note
-------+----------+-------------------------------------------
     0 | D:1      | Powertoast the Gargoyle Fighter began the quest for the
                  | Orb.
     0 | D:1      | Reached XP level 1. HP: 14/14 MP: 1/1
   108 | D:1      | You fall into a shaft and drop 1 floor!
   109 | D:2      | Found a burning altar of Makhleb.
   118 | D:2      | Reached XP level 2. HP: 19/19 MP: 2/2
   196 | D:2      | Reached XP level 3. HP: 4/24 MP: 3/3
   202 | D:2      | Found a faded altar of an unknown god.
  1327 | D:1      | Reached skill level 4 in Fighting
  1454 | D:3      | Reached XP level 4. HP: 24/29 MP: 4/4
  1468 | D:3      | Reached XP level 5. HP: 11/34 MP: 5/5
  2136 | D:3      | Noticed Terence
  2179 | D:3      | Killed Terence
  2323 | D:4      | Reached skill level 5 in Fighting
  2323 | D:4      | Reached XP level 6. HP: 22/40 MP: 6/6
  2824 | D:4      | Found an iron altar of Okawaru.
  2833 | D:4      | Became a worshipper of Warmaster Okawaru
  2857 | D:4      | Found a hazy altar of Hepliaklqana.
  2866 | D:4      | Found a broken altar of Ashenzari.
  3042 | D:4      | Reached XP level 7. HP: 39/44 MP: 7/7
  3319 | D:5      | Entered Level 5 of the Dungeon
  3436 | D:5      | Noticed Dowan
  3447 | D:5      | Killed Dowan
  3629 | D:5      | Reached * piety under Okawaru
  3649 | D:5      | Reached skill level 6 in Fighting
  3649 | D:5      | Reached skill level 5 in Armour
  3651 | D:5      | Noticed Duvessa
  3662 | D:5      | HP: 2/46 [Duvessa/+1 short sword of flaming (1)]
  3663 | D:5      | Slain by Duvessa

Illustrated notes

Levels and vault maps discovered:
D:1:      spicycebolla_arrival_transporter_tutorial, layout_basic
D:2:      layout_rooms, basic_altar, hellmonk_ecumenical_altar_blasted,
          palyth_stone_intersect, serial_bayou_lagoon_b
D:3:      layout_rooms, serial_glass, glass_columns_b, glass_columns_a,
          uniq_terence
D:4:      minmay_general_purpose_star, layout_rooms, okawaru_trees_2,
          mainiacjoe_overflow_six_doors_small, cheibrodos_ashenzari_chains
D:5:      layout_loops_cross, minmay_bent, uniq_duvessa

Skill      XL: |  1  2  3  4  5  6  7 |
---------------+----------------------+-----
Axes           | 2 3 4 |  4.2
Fighting       | 4 5 6 |  6.0
Armour         | 4 5 |  5.2
Shields        | 4 |  4.8

Action                   |  1- 3 |  4- 6 |  7- 9 || total
-------------------------+-------+-------+-------++-------
Melee: War axe           |   115 |    62 |       ||   177
       Mace              |       |   108 |    56 ||   164
  Use: Potion            |     1 |       |     1 ||     2
Armor: Scale mail        |    32 |       |       ||    32
       Chain mail        |    57 |   133 |    45 ||   235
Dodge: Dodged            |    53 |    74 |    20 ||   147
Block: Buckler           |    31 |    51 |     9 ||    91
